 Dungeon Crawl Stone Soup version 0.24.0-123-gd5b16e6ec5 (webtiles) character file.

Game seed: 11886867572439459361, levelgen mode: deterministic

1540 Elellon the Grappler (level 8, -17/75 HPs)
             Began as a Troll Berserker on Jan 4, 2020.
             Was a Priest of Trog.
             Demolished by an ogre
             ... wielding a +0 giant club
              (30 damage)
             ... on level 6 of the Dungeon.
             The game lasted 00:09:49 (3478 turns).

Elellon the Grappler (Troll Berserker)              Turns: 3478, Time: 00:09:50

Health: -17/75     AC:  8    Str: 28    XL:     8   Next: 56%
Magic:  7/7        EV: 11    Int:  3    God:    Trog [***...]
Gold:   330        SH:  0    Dex:  9    Spells: 7/7 levels left

rFire    + + .     SeeInvis .     - Unarmed
rCold    + . .     Gourm    +   (no shield)
rNeg     + . .     Faith    .   u - +2 robe {rC+ rF+}
rPois    .         Spirit   .   l - +0 hat
rElec    .         Reflect  .   (no cloak)
rCorr    .         Harm     .   (gloves unavailable)
MR       ++...                  (boots unavailable)
Stlth    +.........             (no amulet)
HPRegen  1.62/turn              n - ring of positive energy
MPRegen  0.10/turn              o - ring of protection from fire

@: lethally poisoned (-17 -> -18), regenerating
A: large, unfitting armour, claws 3, fast metabolism 3, gourmand, regeneration
1, shaggy fur 1, tough skin 3
a: Berserk, Trog's Hand, Renounce Religion


You were on level 6 of the Dungeon.
You worshipped Trog.
Trog was most pleased with you.
You were very full.

You visited 1 branch of the dungeon, and saw 6 of its levels.

You collected 330 gold pieces.

Inventory:

Armour
 a - a +0 animal skin
 l - a +0 hat (worn)
 u - a +2 robe of resistance (worn)
Jewellery
 n - a ring of positive energy (left claw)
 o - a ring of protection from fire (right claw)
Wands
 i - a wand of flame (22)
 p - a wand of random effects (34)
Scrolls
 f - 2 scrolls of identify
 g - 2 scrolls of fog {unknown}
 j - a scroll of magic mapping {unknown}
 k - a scroll of fear {unknown}
 q - 2 scrolls of remove curse {unknown}
 r - a scroll of immolation {unknown}
Potions
 c - 2 potions of curing
 d - a potion of mutation {unknown}
 h - a potion of flight {unknown}
 m - 2 potions of degeneration {unknown}
 s - a potion of brilliance {unknown}
Comestibles
 b - 5 rations
 t - 4 chunks of flesh


   Skills:
 + Level 3.2 Fighting
 + Level 4.0 Dodging
 * Level 10.1 Unarmed Combat


You had 7 spell levels left.
You didn't know any spells.
Your spell library was empty.

Dungeon Overview and Level Annotations

Branches:
Dungeon (6/15)             Temple (0/1) D:5

Altars:
Kikubaaqudgha

Annotations:
D:3 Sigmund
D:4 Edmund


Innate Abilities, Weirdness & Mutations

You are too large for most types of armour.
You have claws for hands.
Your metabolism is lightning-fast.
You like to eat raw meat.
Your natural rate of healing is unusually fast.
You are covered in fur. (AC +1)
You have extremely tough skin. (AC +3)


Message History

The killer bee stings you!
* * * LOW HITPOINT WARNING * * *
You miss the killer bee.
The killer bee is lightly wounded.
You feel sick. The killer bee stings you.
* * * LOW HITPOINT WARNING * * *
The killer bee stings you but does no damage.
You closely miss the killer bee.
The killer bee is lightly wounded.
You feel sick. The killer bee closely misses you.
You mangle the killer bee!!
You kill the killer bee!
Trog accepts your kill.
You feel sick.
You mangle the ogre!!
The ogre is almost dead.
You feel the effects of Trog's Hand fading.
You feel sick.
The ogre hits you with a +0 giant club!!
You die...

#.#. ... #..
# .. .#
#.##. #...
#..# #O#
#@#.# #.#.#
#.#.#
#.#.#.#
#.#.#.#.#..#
#.#.#.#.#..#
#...#.#.#..#
##..#.#.#..#
#..#.#.#..#


You could see an ogre.

Vanquished Creatures
  Grinder (D:3)
  3 yaks (D:5)
  Duvessa (D:5)
  An ogre (D:5)
  Dowan (D:5)
  A scorpion (D:4)
  5 killer bees (D:6)
  A howler monkey (D:4)
  2 crimson imps (D:5)
  A centaur zombie (D:6)
  A jelly (D:6)
  2 orc priests (D:5)
  Ijyb (D:4)
  An iguana (D:5)
  A hound skeleton (D:5)
  3 adders
  A shadow imp (D:5)
  2 adder zombies (D:5)
  5 worms (D:2)
  4 leopard geckos
  7 orcs
  7 giant cockroaches
  6 hobgoblins
  2 jackals (D:6)
  6 kobolds
  3 quokkas
  5 bats
  4 frilled lizards
  6 goblins
  7 rats
91 creatures vanquished.

Notes
Turn   | Place    | Note
-------+----------+-------------------------------------------
     0 | D:1      | Elellon the Troll Berserker began the quest for the Orb.
     0 | D:1      | Reached XP level 1. HP: 22/22 MP: 0/0
    82 | D:1      | Reached XP level 2. HP: 24/29 MP: 1/1
   873 | D:2      | Reached XP level 3. HP: 36/36 MP: 2/2
   912 | D:2      | Reached ** piety under Trog
   914 | D:2      | Found an ancient bone altar of Kikubaaqudgha.
  1060 | D:2      | Reached skill level 4 in Unarmed Combat
  1274 | D:2      | Reached XP level 4. HP: 43/44 MP: 3/3
  1425 | D:3      | Noticed Sigmund
  1499 | D:3      | Noticed Grinder
  1519 | D:3      | Killed Grinder
  1519 | D:3      | Reached skill level 5 in Unarmed Combat
  1519 | D:3      | Reached XP level 5. HP: 46/52 MP: 4/4
  1519 | D:3      | Reached XP level 6. HP: 53/59 MP: 5/5
  1705 | D:4      | Reached skill level 6 in Unarmed Combat
  2009 | D:4      | Noticed Ijyb
  2017 | D:4      | Killed Ijyb
  2042 | D:4      | Noticed Edmund
  2242 | D:5      | Entered Level 5 of the Dungeon
  2359 | D:5      | Found a staircase to the Ecumenical Temple.
  2407 | D:5      | Reached skill level 7 in Unarmed Combat
  2433 | D:5      | Reached XP level 7. HP: 66/67 MP: 6/6
  2548 | D:5      | Noticed Duvessa
  2548 | D:5      | Noticed Dowan
  2561 | D:5      | Killed Duvessa
  2569 | D:5      | Killed Dowan
  2569 | D:5      | Reached *** piety under Trog
  2644 | D:5      | Reached skill level 8 in Unarmed Combat
  3156 | D:5      | Noticed a yak
  3159 | D:5      | Noticed a yak
  3161 | D:5      | Noticed a yak
  3164 | D:5      | Killed a yak
  3168 | D:5      | Killed a yak
  3168 | D:5      | Reached skill level 9 in Unarmed Combat
  3168 | D:5      | Reached XP level 8. HP: 63/75 MP: 7/7
  3467 | D:6      | Reached skill level 10 in Unarmed Combat
  3468 | D:6      | HP: 3/75 [killer bee (6)]
  3478 | D:6      | Demolished by an ogre

Levels and vault maps discovered:
D:1:      saegor_arrival_under_anarchy, layout_basic, corexii_corridor_pit,
          minmay_cupped
D:2:      layout_loops_ring, kiku_gazebo_pond_becter, first_ration
D:3:      layout_rooms, uniq_grinder, uniq_sigmund
D:4:      layout_cave_pods, uniq_ijyb, uniq_edmund
D:5:      layout_basic, minmay_temple_entry_ruins, uniq_duvessa
D:6:      minmay_chambers_of_fours, layout_basic, uniq_prince_ribbit1,
          uniq_blork_the_orc

Skill      XL: |  1  2  3  4  5  6  7  8 |
---------------+-------------------------+-----
Unarmed Combat | 4 5 7 9 10 | 10.1
Dodging        | 3 4 |  4.0
Fighting       | 3 |  3.2

Action                   |  1- 3 |  4- 6 |  7- 9 || total
-------------------------+-------+-------+-------++-------
Melee: Unarmed           |   113 |    79 |    89 ||   281
       Punch             |     1 |     3 |     5 ||     9
Invok: Trog's Hand       |       |       |     1 ||     1
  Use: Scroll            |       |     1 |       ||     1
       Potion            |       |       |     3 ||     3
 Stab: Sleeping          |       |       |     1 ||     1
  Eat: Chunk             |    17 |     9 |    11 ||    37
Armor: Animal skin       |    42 |    29 |     1 ||    72
       Robe              |       |       |    15 ||    15
Dodge: Dodged            |    52 |    35 |    40 ||   127
